 Dungeon Crawl Stone Soup version 0.27.1-34-g3ba077fa99 (webtiles) character file.

Game seed: 7488627185053555558

39 Delamore the Ducker (level 3, -3/15 HPs)
             Began as a Felid Transmuter on Jan 21, 2022.
             Slain by a gnoll (13 damage)
             ... on level 2 of the Dungeon.
             The game lasted 00:03:03 (2192 turns).

Delamore the Ducker (Felid Transmuter)              Turns: 2192, Time: 00:03:04

Health: -3/15      AC:  1    Str:  6    XL:     3   Next: 28%
Magic:  7/7        EV: 18    Int: 14    God:
Gold:   119        SH:  0    Dex: 17    Spells: 2/6 levels left
                                        Lives:  0   Deaths: 1

rFire    . . .     SeeInvis +     - Unarmed
rCold    . . .     Faith    .   (shield unavailable)
rNeg     . . .     Spirit   .   (armour unavailable)
rPois    .         Reflect  .   (helmet unavailable)
rElec    .         Harm     .   (cloak unavailable)
rCorr    .         Rampage  .   (gloves unavailable)
Will     .....                  (boots unavailable)
Stlth    ++........             (no amulet)
HPRegen  0.05/turn              (no ring)
MPRegen  0.10/turn              (no ring)

@: quick
A: very small, claws 1, fangs 3, see invisible, speed 1, shaggy fur 1, stealthy
paws, no weapons or thrown items, no armour, multi-lived
a: no special abilities


You were on level 2 of the Dungeon.
You visited 1 branch of the dungeon, and saw 2 of its levels.

You collected 119 gold pieces.

Inventory:

Scrolls
 a - a scroll of identify
 d - a scroll of magic mapping
 f - a scroll of blinking {unknown}
 g - a scroll of teleportation {unknown}
 i - a scroll of enchant armour {unknown}
Potions
 b - a potion of flight
 e - a potion of heal wounds {unknown}
 h - 2 potions of degeneration {unknown}


   Skills:
 - Level 1.0 Fighting
 + Level 4.0 Dodging
 + Level 3.0 Stealth
 + Level 3.8 Unarmed Combat
 + Level 2.0 Spellcasting
 - Level 2.1 Transmutations
 + Level 0.0 Ice Magic


You had 2 spell levels left.
You knew the following spells:

 Your Spells              Type           Power      Damage    Failure   Level
a - Beastly Appendage     Tmut           14%        N/A       10%         1
b - Frozen Ramparts       Ice            2%         1d2       56%         3

Your spell library contained the following spells:

 Spells                   Type           Power      Damage    Failure   Level
 Wereblood                Tmut           7%         N/A       14%         2
 Spider Form              Tmut/Pois      2%         N/A       41%         3
 Ice Form                 Ice/Tmut       4%         N/A       83%         4
 Summon Ice Beast         Ice/Summ       1%         N/A       93%         4


Dungeon Overview and Level Annotations

Branches:
Dungeon (2/15)

Altars:
Hepliaklqana

Shops:
D:2 (


Innate Abilities, Weirdness & Mutations

You have sharp claws.
You have razor-sharp teeth.
You have supernaturally acute eyesight. (SInv)
You cover ground quickly. (Speed+)
You are covered in fur. (AC +1)
Your paws help you pounce on unaware monsters.
You are incapable of wielding weapons or throwing items.
You cannot wear armour.
You gain extra lives every three experience levels.


Message History

You grow a pair of large bovine horns.
Casting: Beastly Appendage (safe; 10% risk of failure)
Confirm with . or Enter, or press ? or * to list all spells.
You extend your transformation's duration.
Casting: Beastly Appendage (safe; 10% risk of failure)
Confirm with . or Enter, or press ? or * to list all spells.
Okay, then.
Your transformation is almost over.
Your horns disappear.
Magic restored.
There is an open door here.
There is an open door here.
There is an open door here.
There is an open door here.
A ball python is nearby!
The ball python misses you. x2
You scratch the ball python.
You kill the ball python!
No target in view!
No target in view!
No target in view!
No target in view!
No target in view!
No target in view!
No target in view!
No target in view!
No target in view!
There is an open door here.
There is an open door here.
There is an open door here.
You open the door.
There is an open door here.
You see here a +0 flail.
A gnoll is nearby!
A gnoll is nearby!
A gnoll is nearby!
The gnoll hits you with a +0 flail.
You barely miss the gnoll. The gnoll hits you with a +0 flail!
Ouch! That really hurt!
You die...

##.#.## #.# ##.###.## #.# ##.##
##.## #.# #.### ##.# #.######
####..####..# ##......#
#...#...#.#.###...###.#
#..#.#......##.(...##.#
#.#...#..##.###.....#>####
##..∩..#.##...@g.........#
#.#...#..##.####....#.##.#
###..#.#..###.# #..###.##.#
..#..†#...# #.# ##..###.##.######
#.####.#.## #.###.......##.......
#.# #...####.##.....###########.
#)# #........#.......## ###.###.
#.####....####.........###.......
.............+.........+.......#.


You could see a gnoll.

Vanquished Creatures
  3 gnolls
  An adder (D:2)
  A worm (D:2)
  2 dart slugs
  3 ball pythons
  4 bats
  An endoplasm (D:1)
  2 giant cockroaches (D:2)
  5 goblins (D:1)
  3 hobgoblins
  3 quokkas
  3 frilled lizards (D:1)
  3 kobolds
  2 rats
36 creatures vanquished.

Notes
Turn   | Place    | Note
-------+----------+-------------------------------------------
     0 | D:1      | Delamore the Felid Transmuter began the quest for the Orb.
     0 | D:1      | Reached XP level 1. HP: 9/9 MP: 4/4
   117 | D:1      | Reached skill level 1 in Stealth
   309 | D:1      | Reached skill level 3 in Dodging
   429 | D:1      | Reached XP level 2. HP: 12/12 MP: 6/6
  1110 | D:2      | Found Nyra Ani's Antique Weapon Boutique.
  1356 | D:2      | Reached XP level 3. HP: 10/15 MP: 7/7
  1529 | D:2      | Found a hazy altar of Hepliaklqana.
  1695 | D:1      | Reached skill level 4 in Dodging
  1695 | D:1      | Reached XP level 4. HP: 19/19 MP: 8/8
  1708 | D:1      | Slain by a gnoll
  1709 | D:1      | Reached XP level 3. HP: 0/15 MP: 7/7
  1736 | D:1      | Identified a scroll of acquirement
  1737 | D:1      | Acquired a book of Rime
  1889 | D:2      | Learned a level 3 spell: Frozen Ramparts
  2192 | D:2      | Slain by a gnoll

Illustrated notes

Levels and vault maps discovered:
D:1:      dpeg_arrival_leaves_temple_mockup, layout_rooms, kennysheep_boxes
D:2:      layout_loops_corners, basic_altar, serial_shops, nicolae_diamond_shop,
          minmay_tetromino_s4

Skill      XL: |  1  2  3 |
---------------+----------+-----
Stealth        | 1 2 3 |  3.0
Dodging        | 3 4 |  4.0
Fighting       | |  1.0
Unarmed Combat | |  3.8
Spellcasting   | |  2.0
Transmutations | |  2.1

Action                   |  1- 3 |  4- 6 || total
-------------------------+-------+-------++-------
Melee: Unarmed           |   109 |    10 ||   119
       Bite              |     9 |       ||     9
 Cast: Beastly Appendage |     2 |       ||     2
  Use: Scroll            |     4 |       ||     4
 Stab: Sleeping          |     8 |       ||     8
Armor: Skin              |     5 |       ||     5
Dodge: Dodged            |    96 |     8 ||   104
